 Dungeon Crawl Stone Soup version 0.31-a0-968-g24f9ace8b5 (webtiles) character file.

Game seed: 128329836870619046

101 senseless the Ruffian (level 4, -4/36 HPs)
             Began as a Draconian Shapeshifter on Oct 27, 2023.
             Slain by a gnoll bouda
             ... wielding a +0 club
              (6 damage)
             ... on level 3 of the Dungeon.
             The game lasted 00:02:40 (1792 turns).

senseless the Ruffian (Draconian Shapeshifter)      Turns: 1792, Time: 00:02:41

Health: -4/36      AC:  5    Str: 16    XL:     4   Next: 48%
Magic:  5/6        EV: 12    Int: 11    God:
Gold:   171        SH:  0    Dex: 12    Spells: 5/5 levels left

rFire   . . .        d - +2 whip (freeze)
rCold   . . .        (no shield)
rNeg    . . .        (body armour unavailable)
rPois   .            (helmet currently unavailable)
rElec   .            (cloak currently unavailable)
rCorr   .            (gloves currently unavailable)
SInv    .            (boots currently unavailable)
Will    +....        (no amulet)
Stlth   +            k - ring of willpower
HPRegen 0.26/turn    (no ring)
MPRegen 0.10/turn

%: no passive effects
@: beast-form, weakened
A: beast (slay +1), AC +5, unfitting armour, cold-blooded
a: Begin Untransformation


You were on level 3 of the Dungeon.
You were a hulking beast.
You visited 1 branch of the dungeon, and saw 3 of its levels.

You collected 171 gold pieces.

Inventory:

Hand Weapons
 d - a +2 whip of freezing (weapon)
Jewellery
 k - a ring of willpower (left hand)
Talismans
 b - a beast talisman
 c - a flux talisman
Scrolls
 f - 3 scrolls of identify {unknown}
 h - a scroll of vulnerability {unknown}
 j - a scroll of fear {unknown}
Potions
 a - 2 potions of lignification
 e - a potion of haste {unknown}
 g - a potion of heal wounds {unknown}
 i - a potion of might {unknown}
 l - a potion of curing {unknown}


   Skills:
 + Level 2.2 Fighting
 + Level 2.4 Dodging
 + Level 3.5 Unarmed Combat
 + Level 1.4 Spellcasting
 + Level 3.4 Shapeshifting


You had 5 spell levels left.
You didn't know any spells.
Your spell library contained the following spells:

 Spells                   Type           Power      Damage    Failure   Level
 Ensorcelled Hibernation  Hex/Ice        0%         N/A       43%         2
 Passwall                 Tmut/Erth      0%         N/A       43%         2
 Swiftness                Air            0%         N/A       67%         3
 Summon Forest            Summ/Tloc      0%         N/A       100%        5
 Summon Mana Viper        Hex/Summ       0%         N/A       100%        5
 Summon Cactus Giant      Summ           0%         N/A       100%        6


Dungeon Overview and Level Annotations

Branches:
Dungeon (3/15)

Altars:


Innate Abilities, Weirdness & Mutations

You are a hulking beast.
Your limbs bulge with bestial killing power. (Slay +1)
Your plain brown scales are hard. (AC +5)
You cannot fit into any form of body armour.
You are cold-blooded and may be slowed by cold attacks.


Message History

The gnoll is moderately wounded.
You hit the gnoll. You freeze the gnoll.
The gnoll is severely wounded.
The gnoll hits you with a +0 whip.
You hit the gnoll. You freeze the gnoll.
You kill the gnoll!
The gnoll hits you from afar with a +0 spear.
The gnoll bouda barks out a call to the hunt!
The gnoll picks up the pace!
You hear a shout!
You barely miss the ball python.
The ball python bites you but does no damage.
The ball python closely misses you. The gnoll misses you.
The gnoll bouda gazes fiercely through you!
You feel your attacks grow feeble.
You hit the ball python but do no damage.
The ball python closely misses you. The ball python completely misses you.
A gnoll comes into view. It is wielding a +0 flail.
The gnoll bouda barks out a call to the hunt!
The gnoll picks up the pace!
The gnoll hits you from afar with a +0 spear.
You hit the ball python. You freeze the ball python.
You kill the ball python!
The gnoll barely misses you. The gnoll hits you with a +0 spear.
The gnoll bouda hits you with a +0 club!
You see here a ball python corpse.
You hit the gnoll. You freeze the gnoll.
The gnoll is moderately wounded.
The gnoll hits you with a +0 spear!
* * * LOW HITPOINT WARNING * * *
The gnoll bouda hits you but does no damage.
The gnoll hits you from afar with a +0 spear.
* * * LOW HITPOINT WARNING * * *
You see here a +0 whip.
The gnoll bouda attacks as it pursues you!
The gnoll bouda closely misses you.
The gnoll bouda attacks as it pursues you!
The gnoll bouda hits you with a +0 club.
You die...

###.....##.......
.................
.................
................
#......#.......
#...gg......
##..)##..##.#
#..g## ## ##h.#
.# ##.>##..#
#.......#
###(......#
#.<.......#
#.#.......#
#.#.......#
#.######...# #.#
##.#


You could see a gnoll bouda and 2 gnolls.

Vanquished Creatures
  5 gnolls
  2 worms (D:2)
  A dart slug (D:1)
  2 ball pythons
  4 endoplasms (D:1)
  4 giant cockroaches
  4 goblins
  4 hobgoblins
  A jackal (D:1)
  3 kobolds
  3 quokkas
  3 bats (D:2)
  A frilled lizard (D:1)
  5 rats
42 creatures vanquished.

Notes
Turn   | Place    | Note
-------+----------+-------------------------------------------
     0 | D:1      | senseless the Draconian Shapeshifter began the quest for
                  | the Orb.
     0 | D:1      | Reached XP level 1. HP: 16/16 MP: 1/1
   100 | D:1      | Reached XP level 2. HP: 23/23 MP: 2/2
   476 | D:1      | Reached XP level 3. HP: 10/29 MP: 4/4
   563 | D:1      | Reached skill level 1 in Spellcasting
   598 | D:2      | HP: 1/29 [gnoll/+0 halberd (14)]
   774 | D:2      | Reached XP level 4. HP: 35/36 MP: 5/5
  1017 | D:2      | Found a faded altar of an unknown god.
  1792 | D:3      | Slain by a gnoll bouda

Illustrated notes

Levels and vault maps discovered:
D:1:      dpeg_arrival_stonehenge_8_columns, layout_basic,
          minmay_small_reverse_x
D:2:      layout_basic, ebering_ecumenical_altar_hall
D:3:      layout_rooms, minmay_increasing_density, uniq_natasha

Skill      XL: |  1  2  3 |
---------------+----------+-----
Dodging        | 2 |  2.4
Spellcasting   | 1 |  1.4
Fighting       | 2 |  2.2
Unarmed Combat | |  3.5
Shapeshifting  | |  3.4

Action                     |  1- 3 |  4- 6 || total
---------------------------+-------+-------++-------
  Melee: Whip              |    41 |    38 ||    79
         Tailslap          |     6 |     3 ||     9
         Punch             |       |     2 ||     2
   Stab: Sleeping          |       |     2 ||     2
 Armour: Skin              |    27 |    24 ||    51
  Dodge: Dodged            |    21 |    16 ||    37

Table legend: (Time is in decaauts)
 A = Elapsed time spent in this place.
 B = Non-inter-level travel time spent in this place.
 C = Inter-level travel time spent in this place.
 D = Time resting spent in this place.
 E = Time spent auto-exploring this place.
 F = Levels seen in this place.
 G = Mean time per level.
                   A        B        C        D        E       F      G
               +--------+--------+--------+--------+--------+-----+--------+
         Total |   1803 |   1762 |     41 |    207 |   1299 |   3 |  601.0 |
       Dungeon |   1803 |   1762 |     41 |    207 |   1299 |   3 |  601.0 |
               +--------+--------+--------+--------+--------+-----+--------+

Top non-repeatable levels by time:
     D:2: 1071 daAuts
     D:1: 705 daAuts
     D:3: 26 daAuts
